 Dungeon Sprint DCSS version 0.31-a0-788-ga445dbd2db (webtiles) character file.

Game seed: 1836014087170782450

5888 Conn the Eclecticist (level 10, -9/60 HPs)
             Began as an Octopode Fire Elementalist on Sept 18, 2023.
             Was a High Priest of Sif Muna.
             Shot with an arrow by a centaur warrior (16 damage)
             ... in the Dungeon (Sprint I: "Red Sonja").
             The game lasted 00:13:11 (1438 turns).

Conn the Eclecticist (Octopode Fire Elementalist)   Turns: 1438, Time: 00:13:11

Health: -9/60      AC:  1    Str:  6    XL:     10   Next: 82%
Magic:  19/30      EV: 14    Int: 21    God:    Sif Muna [*****.]
Gold:   487        SH:  0    Dex: 10    Spells: 32/42 levels left

rFire   x . .        k - +8 great sword "Rinoe" {protect, rPois rF- Str-3 Stlth+}
rCold   x . .        (shield currently unavailable)
rNeg    . . .        (helmet restricted)
rPois   +            (no amulet)
rElec   .            (no ring)
rCorr   .            (no ring)
SInv    .            (no ring)
Will    .....        (no ring)
Stlth   ++++         (no ring)
HPRegen 0.30/turn    (no ring)
MPRegen 0.22/turn    (no ring)
                     (no ring)

%: no teleportation
@: no status effects
A: almost no armour, amphibious, 8 rings, camouflage 1, gelatinous body 1,
(nimble swimmer 1), tentacles, clumsy 1, cold vulnerability 1
a: Renounce Religion, Channel Magic, Forget Spell, Divine Exegesis


You were in the Dungeon.
You worshipped Sif Muna.
Sif Muna was extremely pleased with you.
You visited 1 branch You collected 856 gold pieces.
You spent 369 gold pieces at shops.

Inventory:

Hand Weapons
 g - a +7 club
 h - a +2 short sword of draining
 k - the +8 great sword "Rinoe" (weapon) {protect, rPois rF- Str-3 Stlth+}
   (You bought it in a shop in the Dungeon)

   Str-3:     It affects your strength (-3).
   rF-:       It makes you vulnerable to fire.
   rPois:     It protects you from poison Stlth+: It makes you more stealthy.
 l - the +3 quarterstaff of Joomimec {spect, rN++ Dex+3 Stlth-}
   (You bought it in a shop in the Dungeon)

   Dex+3:     It affects your dexterity (+3).
   rN++:      It greatly protects you from negative energy.
   Stlth-:    It makes you less stealthy.
Wands
 e - a wand of iceblast (10)
Scrolls
 f - a scroll of blinking
 m - a scroll of poison
Potions
 a - 3 potions of magic
 b - 3 potions of curing
 c - a potion of heal wounds
 d - a potion of haste


   Skills:
 + Level 2.2 Fighting
 + Level 0.7 Long Blades
 + Level 1.6 Throwing
 + Level 4.3 Dodging
 - Level 2.6 Stealth
 * Level 16.6 Spellcasting
 * Level 10.4 Conjurations
 - Level 3.0 Hexes
 + Level 13.6 Fire Magic


You had 32 spell levels left.
You knew the following spells:

 Your Spells              Type           Power      Damage    Failure   Level
a - Foxfire               Conj/Fire      100%       2x1d9     1%          1
b - Scorch                Fire           100%       2d9       1%          2
c - Inner Flame           Hex/Fire       51%        N/A       1%          3
d - Flame Wave            Conj/Fire      62%        2d14      1%          4

Your spell library contained the following spells:

 Spells                   Type           Power      Damage    Failure   Level
 Volatile Blastmotes      Fire/Tloc      92%        2d17      1%          3


Dungeon Overview and Level Annotations

Branches:
Dungeon (1/1)

Altars:
Cheibriados
Dithmenos
Elyvilon
Fedhas
Gozag
Hepliaklqana
Kikubaaqudgha
Makhleb
Nemelex Xobeh
Okawaru
Qazlal
Ru
Sif Muna
Trog
Uskayaw
Vehumet
Wu Jian
Xom
Yredelemnul
Zin
The Shining One
Jiyva
Lugonu

Shops:
D (**[[![


Innate Abilities, Weirdness & Mutations

You cannot wear most types of armour.
You are amphibious.
You can wear up to eight rings at the same time.
Your skin changes colour to match your surroundings (Stealth+).
Your rubbery body absorbs attacks. (AC +1, EV +1)
((You are camouflaged when in or above water. (Stealth+)))
You have tentacles for arms and can constrict up to eight enemies at once.
You are clumsy. (Dex -2)
You are vulnerable to cold. (rC-)


Message History

Unknown command.
Press < or > to pray at altars.
Unknown command.
Press < or > to pray at altars.
Unknown command.
Press < or > to pray at altars.
Unknown command.
Press < or > to pray at altars.
Unknown command.
Press < or > to pray at altars.
You kill the hornet!
Sif Muna accepts your kill.
You see here mumbling book {god gift}.
Sif Muna grants you a gift!
Flame seeps out of the centaur warrior.
The centaur warrior is engulfed in poison gas.
The centaur warrior looks even sicker.
Flame seeps out of the centaur warrior.
The centaur warrior hits you! The centaur warrior kicks you.
* * * LOW HITPOINT WARNING * * *
You see here mumbling book {god gift}.
Unknown command.
Unknown command.
Unknown command.
Flame seeps out of the centaur warrior.
The centaur warrior is engulfed in poison gas.
The centaur warrior looks as sick as possible!
Flame seeps out of the centaur warrior.
The centaur warrior wields a +0 shortbow.
The centaur warrior shoots an arrow.
The arrow hits you!
* * * LOW HITPOINT WARNING * * *
There is an open door here.
Casting: Scorch (safe; 1% risk of failure)
Confirm with . or Enter, or press ? or * to list all spells.
Flames lash the centaur warrior.
Flame seeps out of the centaur warrior.
The centaur warrior is almost dead.
The centaur warrior's fire resistance burns away.
Flame seeps out of the centaur warrior.
The centaur warrior looks as sick as possible!
The centaur warrior shoots an arrow.
The arrow hits you!
You die...

##########################
#<.#..)..#..'..#__#.)')..#
#..'[.#..)..#..'..'..#...#
#..#####'#####'#__####...+
#..####..#...#)####!)#####
#..#__####..##.#§§~§§
#..#_____##@#_.'c§~§§§
#⌠⌠#_.∩...'§§c_#~§§.(#
####_..__##○§#§##'####
#_____###○#.#)?..###
############○####'###(##
#∩........'...'.....')∩#
###''''####...##########
#.......####.###
#........#.#'#.#


You could see a centaur warrior (inner flame, extremely poisoned, slow,
combustible).

Vanquished Creatures
  Sonja (D)
  A deep troll (D)
  8 shining eyes (D)
  2 kobold demonologists (D)
  A hornet (D)
  A slime creature (D)
  Sigmund (D)
  A yak (D)
  5 floating eyes (D)
  An ogre (D)
  A jelly (D)
  Ijyb (D)
24 creatures vanquished.

Vanquished Creatures (others)
  2 ballistomycete spores (D)
  73 foxfires (D)
75 creatures vanquished.

Grand Total: 99 creatures vanquished

Notes
Turn   | Place    | Note
-------+----------+-------------------------------------------
     0 | D        | Conn the Octopode Fire Elementalist began the quest for the
                  | Orb.
     0 | D        | Reached XP level 1. HP: 11/11 MP: 3/3
    29 | D        | Noticed Ijyb
    37 | D        | Killed Ijyb
    38 | D        | Reached skill level 3 in Spellcasting
    38 | D        | Reached XP level 2. HP: 4/17 MP: 0/6
    38 | D        | Reached XP level 3. HP: 5/21 MP: 0/8
   107 | D        | Learned a level 2 spell: Scorch
   111 | D        | Learned a level 3 spell: Inner Flame
   120 | D        | Noticed an ogre
   125 | D        | Killed an ogre
   126 | D        | Reached skill level 5 in Spellcasting
   126 | D        | Reached XP level 4. HP: 27/27 MP: 2/11
   207 | D        | Noticed Sigmund
   212 | D        | Killed Sigmund
   213 | D        | Reached skill level 7 in Spellcasting
   213 | D        | Reached skill level 5 in Conjurations
   213 | D        | Reached XP level 5. HP: 32/32 MP: 3/14
   213 | D        | Reached XP level 6. HP: 37/37 MP: 3/16
   302 | D        | Learned a level 4 spell: Flame Wave
   312 | D        | Found an ornate altar of the Wu Jian Council.
   312 | D        | Found a shimmering blue altar of Sif Muna.
   314 | D        | Found a radiant altar of Vehumet.
   327 | D        | Became a worshipper of Sif Muna the Loreminder
   345 | D        | Found Imeno's Armour Emporium.
   345 | D        | Found an ancient bone altar of Kikubaaqudgha.
   345 | D        | Found a hazy altar of Hepliaklqana.
   345 | D        | Found a hide-covered altar of Uskayaw.
   345 | D        | Found a basalt altar of Yredelemnul.
   345 | D        | Found an opulent altar of Gozag.
   345 | D        | Found a snail-covered altar of Cheibriados.
   345 | D        | Found a sacrificial altar of Ru.
   345 | D        | Found a shadowy altar of Dithmenos.
   345 | D        | Noticed a yak
   346 | D        | Found a stormy altar of Qazlal.
   346 | D        | Found a blossoming altar of Fedhas.
   346 | D        | Found a bloodstained altar of Trog.
   346 | D        | Found an iron altar of Okawaru.
   346 | D        | Found a glowing silver altar of Zin.
   352 | D        | Killed a yak
   353 | D        | Reached skill level 1 in Fighting
   353 | D        | Reached skill level 8 in Spellcasting
   354 | D        | Found a glowing golden altar of the Shining One.
   354 | D        | Found a white marble altar of Elyvilon.
   356 | D        | Found a sparkling altar of Nemelex Xobeh.
   404 | D        | Noticed Sonja
   408 | D        | Killed Sonja
   409 | D        | Reached skill level 10 in Spellcasting
   409 | D        | Reached skill level 10 in Fire Magic
   409 | D        | Reached XP level 7. HP: 43/43 MP: 12/21
   409 | D        | Reached XP level 8. HP: 48/48 MP: 12/22
   506 | D        | Found Yplemosch's Antique Weapon Boutique.
   514 | D        | Bought a shimmering great sword for 207 gold pieces
   514 | D        | Identified the +8 great sword "Rinoe" {protect, rPois rF-
                  | Str-3 Stlth+} (You bought it in a shop in the Dungeon)
   514 | D        | Bought a crystal quarterstaff for 162 gold pieces
   514 | D        | Identified the +3 quarterstaff of Joomimec {spect, rN++
                  | Dex+3 Stlth-} (You bought it in a shop in the Dungeon)
   527 | D        | Noticed a deep troll
   536 | D        | Killed a deep troll
   536 | D        | Reached * piety under Sif Muna
   537 | D        | Reached skill level 11 in Spellcasting
   550 | D        | Found Suamnew's Armour Emporium.
   696 | D        | Found a burning altar of Makhleb.
   696 | D        | Found a viscous altar of Jiyva.
   696 | D        | Found a shimmering altar of Xom.
   696 | D        | Found a corrupted altar of Lugonu.
   696 | D        | Noticed a slime creature
   711 | D        | Killed a slime creature
   712 | D        | Reached skill level 12 in Spellcasting
   779 | D        | Noticed a kobold demonologist
   781 | D        | Noticed a kobold demonologist
   784 | D        | Killed a kobold demonologist
   784 | D        | Reached ** piety under Sif Muna
   785 | D        | Reached XP level 9. HP: 50/54 MP: 12/25
   787 | D        | Killed a kobold demonologist
   788 | D        | Reached skill level 13 in Spellcasting
   945 | D        | Noticed a shining eye
   945 | D        | Noticed a shining eye
   945 | D        | Noticed a shining eye
   946 | D        | Paralysed by a floating eye for 3 turns
   953 | D        | Paralysed by a floating eye for 4 turns
   953 | D        | Noticed a shining eye
   958 | D        | Paralysed by a floating eye for 2 turns
   962 | D        | Paralysed by a floating eye for 3 turns
   965 | D        | Noticed a shining eye
   967 | D        | Killed a shining eye
   967 | D        | Reached *** piety under Sif Muna
   967 | D        | Killed a shining eye
   968 | D        | Reached skill level 1 in Throwing
   968 | D        | Reached skill level 14 in Spellcasting
   968 | D        | Reached skill level 1 in Hexes
   968 | D        | Reached XP level 10. HP: 60/60 MP: 6/28
   969 | D        | Killed a shining eye
   970 | D        | Reached skill level 15 in Spellcasting
   973 | D        | Killed a shining eye
   973 | D        | Reached **** piety under Sif Muna
  1099 | D        | Noticed a shining eye
  1101 | D        | Gained mutation: You are vulnerable to cold. (rC-) [a
                  | shining eye]
  1102 | D        | Killed a shining eye
  1103 | D        | Reached skill level 10 in Conjurations
  1106 | D        | Noticed a shining eye
  1111 | D        | Paralysed by a floating eye for 4 turns
  1118 | D        | Paralysed by a floating eye for 3 turns
  1125 | D        | Paralysed by a floating eye for 3 turns
  1131 | D        | Paralysed by a floating eye for 3 turns
  1138 | D        | Paralysed by a floating eye for 4 turns
  1147 | D        | Paralysed by a floating eye for 3 turns
  1155 | D        | Paralysed by a floating eye for 4 turns
  1162 | D        | Paralysed by a floating eye for 2 turns
  1162 | D        | Killed a shining eye
  1163 | D        | Reached skill level 16 in Spellcasting
  1163 | D        | Gained mutation: You are clumsy. (Dex -2) [a shining eye]
  1166 | D        | Killed a shining eye
  1166 | D        | Reached ***** piety under Sif Muna
  1172 | D        | Noticed a shining eye
  1310 | D        | Killed a shining eye
  1348 | D        | Found Beshuzire's General Store.
  1348 | D        | Found Syuzurph's Antique Armour Shop.
  1348 | D        | Found Oshriroepp's General Store.
  1348 | D        | Found Otociar's Distillery.
  1404 | D        | Noticed a centaur warrior
  1428 | D        | Noticed a centaur warrior
  1436 | D        | Received a gift from Sif Muna
  1438 | D        | Shot with an arrow by a centaur warrior

Illustrated notes

Levels and vault maps discovered:
D:        dungeon_sprint_1 [red_sonja_temple_1, red_sonja_temple_small_1]

Skill      XL: |  1  2  3  4  5  6  7  8  9 10 |
---------------+-------------------------------+-----
Spellcasting   | 3 5 7 10 12 14 16 | 16.6
Conjurations   | 2 4 5 7 8 9 10 | 10.4
Fire Magic     | 4 6 7 10 11 12 13 | 13.6
Dodging        | 3 4 |  4.3
Fighting       | 1 2 |  2.2
Throwing       | 1 |  1.6
Hexes          | 1 3 |  3.0
Long Blades    | |  0.7
Stealth        | |  2.6

Action                     |  1- 3 |  4- 6 |  7- 9 | 10-12 || total
---------------------------+-------+-------+-------+-------++-------
  Melee: Unarmed           |     6 |       |       |       ||     6
         Tentacles         |     2 |       |       |       ||     2
         Constrict         |     1 |       |       |     1 ||     2
         Punch             |     1 |       |       |       ||     1
         Great sword       |       |       |       |     2 ||     2
  Throw: Dart              |       |       |     3 |     4 ||     7
   Cast: Foxfire           |     6 |     8 |     8 |    24 ||    46
         Scorch            |     2 |     9 |     9 |     7 ||    27
         Inner Flame       |       |       |     8 |    10 ||    18
         Flame Wave        |       |       |     2 |     1 ||     3
    Use: Potion            |     1 |       |       |       ||     1
         Scroll            |       |       |     2 |     1 ||     3
 Armour: Skin              |     3 |       |     3 |    13 ||    19
  Dodge: Dodged            |       |     2 |     1 |     1 ||     4

Table legend: (Time is in decaauts)
 A = Elapsed time spent in this place.
 B = Non-inter-level travel time spent in this place.
 C = Inter-level travel time spent in this place.
 D = Time resting spent in this place.
 E = Time spent auto-exploring this place.
 F = Levels seen in this place.
 G = Mean time per level.
                   A        B        C        D        E       F      G
               +--------+--------+--------+--------+--------+-----+--------+
         Total |   1446 |   1446 |      0 |    827 |      0 |   1 | 1446.0 |
       Dungeon |   1446 |   1446 |      0 |    827 |      0 |   1 | 1446.0 |
               +--------+--------+--------+--------+--------+-----+--------+

Top non-repeatable levels by time:
       D: 1446 daAuts
